 Dungeon Crawl Stone Soup version 0.16-a0-3911-g06eb01e (webtiles) character file.

4475 timbw the Cleaver (level 10, 0/77 HPs)
             Began as a Human Fighter on Feb 4, 2015.
             Was an Elder of Makhleb.
             Slain by a brown ugly thing (5 damage)
             ... on level 9 of the Dungeon.
             The game lasted 00:19:35 (4766 turns).

timbw the Cleaver (Human Fighter)                   Turns: 4766, Time: 00:19:35

Health: 0/77       AC: 11    Str: 19    XL:     10   Next: 64%
Magic:  17/17      EV:  7    Int:  9    God:    Makhleb [****..]
Gold:   468        SH:  0    Dex: 13    Spells: 0 memorised, 9 levels left

rFire  . . .     SeeInvis .     A - +1 battleaxe (freeze)
rCold  . . .     Clarity  .     q - +0 chain mail
rNeg   . . .     SustAb   +     (no shield)
rPois  .         Gourm    .     u - +0 helmet
rElec  .         Spirit   .     (no cloak)
rCorr  .         Warding  .     (no gloves)
rMut   .         Stasis   .     j - +0 pair of boots
MR     .....                    (no amulet)
Stlth  ..........               y - +3 ring of slaying
                                f - ring of sustain abilities

@: not resistant to hostile enchantments, extremely unstealthy
A: no striking features
a: Minor Destruction, Lesser Servant of Makhleb, Major Destruction, Renounce
Religion


You were on level 9 of the Dungeon.
You worshipped Makhleb.
Makhleb was greatly pleased with you.
You were hungry.

You visited 2 branches of the dungeon, and saw 10 of its levels.
You also visited: Bailey.

You collected 501 gold pieces.
You spent 33 gold pieces at shops.

Inventory:

Hand weapons
 a - a +0 war axe
 g - a +0 blowgun
 m - a +0 blowgun
 x - a +3 hand axe
 A - a +1 battleaxe of freezing (weapon)
Missiles
 e - 4 tomahawks of returning (quivered)
 n - 19 poisoned needles
Armour
 b - a +0 scale mail
 c - a +0 shield
 j - a +0 pair of boots (worn)
 q - a +0 chain mail (worn)
 u - a +0 helmet (worn)
Jewellery
 f - a ring of sustain abilities (left hand)
 y - a +3 ring of slaying (right hand)
Magical devices
 o - a wand of heal wounds (4)
 s - a wand of slowing (5)
Scrolls
 k - a scroll of amnesia
 p - a scroll of fear {unknown}
 r - a scroll of teleportation {unknown}
 v - a scroll of identify
Potions
 i - a potion of curing
 l - a potion of brilliance
 B - a potion of might
Comestibles
 d - 2 bread rations
 h - a beef jerky
 t - 2 meat rations
 w - 3 chunks of flesh
 z - 3 fruits


   Skills:
 + Level 6.9 Fighting
 * Level 12.6 Axes
 - Level 3.0 Armour
 - Level 3.0 Shields
 + Level 4.4 Invocations


You had 9 spell levels left.
You didn't know any spells.

Dungeon Overview and Level Annotations

Branches:
Dungeon (9/15)             Temple (1/1) D:4            Lair (0/8) D:8
    Orc: D:9-12

Altars:
Ashenzari
Dithmenos
Elyvilon
Gozag
Kikubaaqudgha
Makhleb
Nemelex Xobeh
Trog
Vehumet
Xom
The Shining One

Shops:
D:4 }*[   D:9 (


Message History

You kill the jackal!
Makhleb accepts your kill.
You feel a little better. The brown ugly thing bites you!
You are splashed with acid!
The acid burns!
* * * LOW HITPOINT WARNING * * *
Use which ability? (? or * to list)
A demon appears!
You are feeling hungry.
Your hellwing blocks the jackal's attack.
The brown ugly thing bites you!
* * * LOW HITPOINT WARNING * * *
You are splashed with acid!
The acid burns!
* * * LOW HITPOINT WARNING * * *
Your hellwing blocks the jackal's attack.
Your hellwing's corpse armour sloughs away.
The jackal bites your hellwing.
Your hellwing hits the jackal!
The jackal dies!
Makhleb accepts your kill. The brown ugly thing bites you.
You die...

.#........##'## ##.##
.....####.##.# #.# .#.#.#
#.##.# #.# .#.#.# #.##.##
#.# ........#.#...## #.#
##.#.#.#.......##### #.#
#........#........# #.#
#.#.#.........###.####.#
....####.##.#..@u......#
###.# #.###.#####.######
#.# #.# #.# #.# #.#####.###
# # #.......4.# #####
####.#######.# .'..#
##....# #4#
.').####.###.#######.######
.'))h.##.# #..†..4........#


You could see a brown ugly thing.

Vanquished Creatures
  An unseen horror (D:9)
  The ghost of timbw the Slasher, an experienced OpBe of Trog (Bailey)
  Grinder (D:5)
  6 yaks
  2 ice beasts
  2 ogres
  A black bear (D:8)
  4 orc warriors
  A phantom (D:5)
  A centaur (D:4)
  2 big kobolds
  A scorpion (D:6)
  4 wights (D:6)
  4 killer bees (D:8)
  5 crimson imps
  A giant frog zombie (D:5)
  3 jellies (D:8)
  6 orc wizards
  A gnoll shaman (D:5)
  3 hounds
  A centaur skeleton (D:4)
  2 iguanas
  2 orc priests (D:9)
  5 worker ants
  Ijyb (D:5)
  The ghost of timbw the Chiller, a weakling TeIE (D:7)
  8 gnolls
  5 adders
  A river rat (D:8)
  2 shadow imps (D:6)
  A giant mite (D:5)
  A worm (D:5)
  An adder zombie (D:8)
  3 giant geckos
  5 oozes (D:8)
  12 orcs
  8 bats
  3 giant cockroaches
  2 hobgoblins
  3 jackals
  25 kobolds
  A giant newt (D:3)
  7 goblins
  A jackal zombie (D:6)
  3 quokkas
  8 rats
  3 ballistomycetes (D:7)
  A fungus (D:8)
166 creatures vanquished.

Vanquished Creatures (collateral kills)
  A jackal (D:9)
1 creature vanquished.

Vanquished Creatures (others)
  A giant spore (D:7)
  A plant (D:8)
2 creatures vanquished.

Grand Total: 169 creatures vanquished

Notes
Turn   | Place    | Note
--------------------------------------------------------------
     0 | D:1      | timbw, the Human Fighter, began the quest for the Orb.
     0 | D:1      | Reached XP level 1. HP: 18/18 MP: 1/1
   100 | D:1      | Reached XP level 2. HP: 6/24 MP: 2/2
   522 | D:3      | Found a sparkling altar of Nemelex Xobeh.
   599 | D:3      | Reached XP level 3. HP: 24/29 MP: 3/3
   765 | D:4      | Found Thaim's Armour Boutique.
   838 | D:4      | Found a staircase to the Ecumenical Temple.
   843 | Temple   | Entered the Ecumenical Temple
   857 | Temple   | Became a worshipper of Makhleb the Destroyer
   913 | D:4      | Reached skill level 4 in Axes
   913 | D:4      | Reached XP level 4. HP: 26/35 MP: 4/4
  1004 | D:4      | Noticed a centaur
  1015 | D:4      | Killed a centaur
  1015 | D:4      | Reached skill level 5 in Axes
  1015 | D:4      | Reached XP level 5. HP: 18/41 MP: 5/5
  1191 | D:4      | Found Shroudaot's General Store.
  1207 | D:4      | Reached XP level 6. HP: 40/47 MP: 6/6
  1220 | D:4      | Found Uczaz's Gadget Shoppe.
  1252 | D:4      | Bought a potion of curing for 33 gold pieces
  1277 | D:4      | Noticed an ogre
  1306 | D:4      | Killed an ogre
  1306 | D:4      | Reached skill level 6 in Axes
  1340 | D:5      | Entered Level 5 of the Dungeon
  1412 | D:5      | Noticed Ijyb
  1423 | D:5      | Killed Ijyb
  1469 | D:5      | Reached XP level 7. HP: 44/52 MP: 7/7
  1476 | D:5      | Reached skill level 7 in Axes
  1679 | D:5      | Noticed an ice beast
  1694 | D:5      | Killed an ice beast
  2025 | D:5      | Reached skill level 8 in Axes
  2212 | D:5      | Noticed Grinder
  2241 | D:5      | Killed Grinder
  2241 | D:5      | Acquired Makhleb's first power
  2241 | D:5      | Reached skill level 9 in Axes
  2241 | D:5      | Reached XP level 8. HP: 26/58 MP: 8/8
  2544 | D:7      | Noticed timbw's ghost (weakling TeIE)
  2556 | D:7      | Killed timbw's ghost
  2863 | D:8      | Reached skill level 10 in Axes
  2941 | D:8      | Found a staircase to the Lair.
  2960 | D:8      | Acquired Makhleb's second power
  2961 | D:8      | Reached XP level 9. HP: 22/65 MP: 9/9
  3008 | D:8      | Found a flagged portal.
  3015 | Bailey   | Entered a bailey
  3158 | Bailey   | Noticed timbw's ghost (experienced OpBe)
  3174 | Bailey   | Killed timbw's ghost
  3174 | Bailey   | Reached skill level 5 in Fighting
  3260 | Bailey   | Noticed an orc knight
  3606 | D:8      | Reached skill level 11 in Axes
  3966 | D:8      | Reached skill level 1 in Invocations
  4032 | D:8      | Acquired Makhleb's third power
  4174 | D:9      | Reached XP level 10. HP: 67/76 MP: 11/13
  4188 | D:9      | Reached skill level 12 in Axes
  4453 | D:9      | Acquired Makhleb's fourth power
  4683 | D:9      | Found Xoloucel's Weapon Shoppe.
  4718 | D:9      | Noticed a brown ugly thing
  4741 | D:9      | Killed an unseen horror
  4755 | D:9      | HP: 2/77 [acid (7)]
  4766 | D:9      | Slain by a brown ugly thing

Action                   |  1- 3 |  4- 6 |  7- 9 | 10-12 || total
-------------------------+-------+-------+-------+-------++-------
Melee: War axe           |   101 |    53 |   151 |       ||   305
       Battleaxe         |       |       |   198 |    79 ||   277
 Fire: Blowgun           |       |    10 |       |       ||    10
Invok: Lesser Servant of |       |       |       |     1 ||     1
Evoke: Wand              |       |       |     4 |       ||     4
  Use: Scroll            |     2 |       |     4 |       ||     6
       Potion            |       |       |     7 |       ||     7
  Eat: Chunk             |       |     2 |     9 |     2 ||    13
